 Dungeon Crawl Stone Soup version 0.29-a0-1009-g60c99734e7 (webtiles) character file.

Game seed: 1228631983803341987

1003 nickcage the Spear-Bearer (level 8, -5/60 HPs)
             Began as a Merfolk Gladiator on Aug 8, 2022.
             Was an Initiate of the Shining One.
             Killed from afar by a gargoyle (29 damage)
             ... with a stone arrow
             ... on level 6 of the Dungeon.
             The game lasted 00:16:25 (6022 turns).

nickcage the Spear-Bearer (Merfolk Gladiator)       Turns: 6022, Time: 00:16:26

Health: -5/60      AC: 12    Str: 17    XL:     8   Next: 20%
Magic:  8/8        EV: 11    Int:  7    God:    the Shining One [......]
Gold:   210        SH:  0    Dex: 21    Spells: 7/7 levels left

rFire   . . .      SeeInvis +   a - +0 trident
rCold   . . .      Faith    .   (no shield)
rNeg    . . .      Spirit   .   B - +0 scale mail
rPois   .          Reflect  .   c - +1 helmet
rElec   .          Harm     .   x - +0 cloak
rCorr   .          Rampage  .   p - +0 pair of gloves
Will    .....                   C - +1 pair of boots
Stlth   ..........              (no amulet)
HPRegen 0.20/turn               h - ring of see invisible
MPRegen 0.11/turn               s - +6 ring of dexterity

@: glowing
A: (nimble swimmer 2), mertail
a: Renounce Religion


You were on level 6 of the Dungeon.
You worshipped the Shining One.
The Shining One was noncommittal.
You visited 1 branch of the dungeon, and saw 6 of its levels.

You collected 210 gold pieces.

Inventory:

Hand Weapons
 a - a +0 trident (weapon)
 j - a +0 spear
Missiles
 d - 3 throwing nets (quivered)
 e - a javelin
Armour
 b - a +0 leather armour
 c - a +1 helmet (worn)
 g - an orb of guile
 m - a +0 ring mail
 p - a +0 pair of gloves (worn)
 x - a +0 cloak (worn)
 B - a +0 scale mail (worn)
 C - a +1 pair of boots (worn)
Jewellery
 h - a ring of see invisible (left hand)
 l - a +6 ring of intelligence
 s - a +6 ring of dexterity (right hand)
Wands
 r - a wand of light (9)
Scrolls
 i - 2 scrolls of amnesia
 t - 2 scrolls of butterflies
 y - 2 scrolls of immolation
 E - a scroll of enchant armour
Potions
 f - a potion of degeneration
 k - 5 potions of curing
 n - 2 potions of attraction
 o - 2 potions of brilliance
 q - a potion of lignification
 v - a potion of heal wounds {unknown}
 w - a potion of haste
 z - 2 potions of ambrosia
 A - a potion of mutation
 D - a potion of flight {unknown}


   Skills:
 + Level 3.9 Fighting
 + Level 12.0 Polearms
 - Level 2.0 Throwing
 - Level 4.0 Dodging


You had 7 spell levels left.
You didn't know any spells.
Your spell library contained the following spells:

 Spells                   Type           Power      Damage    Failure   Level
 Foxfire                  Conj/Fire      0%         2x1d4     86%         1
 Blink                    Tloc           0%         N/A       95%         2
 Static Discharge         Conj/Air       0%         3-3/arc   95%         2
 Call Canine Familiar     Summ           0%         N/A       99%         3
 Conjure Flame            Conj/Fire      0%         6-21      99%         3
 Gell's Gravitas          Tloc           0%         N/A       99%         3
 Lesser Beckoning         Tloc           0%         N/A       99%         3
 Ozocubu's Armour         Ice            0%         N/A       99%         3
 Portal Projectile        Hex/Tloc       0%         N/A       99%         3
 Swiftness                Air            0%         N/A       99%         3
 Teleport Other           Tloc           0%         N/A       99%         3
 Corpse Rot               Necr/Pois/Air  0%         N/A       100%        4
 Dispel Undead            Necr           0%         3d6       100%        4
 Leda's Liquefaction      Hex/Erth       0%         N/A       100%        4
 Sticky Flame             Conj/Fire      0%         2d3       100%        4
 Manifold Assault         Tloc           0%         N/A       100%        5
 Metabolic Englaciation   Hex/Ice        0%         N/A       100%        5
 Dispersal                Tloc           0%         N/A       100%        6
 Simulacrum               Ice/Necr       0%         N/A       100%        6
 Storm Form               Tmut/Air       0%         N/A       100%        7


Dungeon Overview and Level Annotations

Branches:
Dungeon (6/15)             Temple (0/1) D:6

Altars:
Ashenzari
Fedhas
Gozag
Ru
The Shining One


Innate Abilities, Weirdness & Mutations

((You are very nimble when in or above water. (Stealth+, EV+, Speed+++)))
Your lower body shifts to a powerful aquatic tail in water.


Message History

You kill the adder!
No target in view!
Found a dagger.
No target in view!
A gargoyle comes into view. It is wielding a +0 mace.
You see here 2 fizzy ruby potions.
You throw a poisoned dart. The poisoned dart hits the gargoyle.
You reach to attack!
You hit the gargoyle.
The gargoyle is lightly damaged.
You reach to attack!
You hit the gargoyle but do no damage.
The gargoyle is lightly damaged.
You barely miss the gargoyle.
The gargoyle is lightly damaged.
The gargoyle misses you.
You hit the gargoyle but do no damage.
The gargoyle is lightly damaged.
You hit the gargoyle.
The gargoyle is lightly damaged.
The gargoyle hits you with a +0 mace!
You hit the gargoyle but do no damage.
You punch the gargoyle, but do no damage.
The gargoyle is lightly damaged.
The gargoyle hurls a stone arrow at you.
The stone arrow hits you!!
You hit the gargoyle but do no damage.
The gargoyle is lightly damaged.
The gargoyle hits you with a +0 mace!
You are too injured to fight recklessly!
You are too injured to fight recklessly!
You hit the gargoyle but do no damage.
The gargoyle is lightly damaged.
Aiming: Bolt of Light
Press: ? - help, Shift-Dir - straight line, f/p - gargoyle
Aim: a gargoyle, wielding a +0 mace (lightly damaged, 86% to hit)
The bolt of light hits the gargoyle!
The gargoyle is heavily damaged.
The gargoyle is blinded.
The gargoyle hurls a stone arrow at you.
The stone arrow hits you!!
You die...

######## #####
###
#......####....
...
#.###.........
... #.#
#........##.##
#####.#
#..##.##.#...#.#
......#
#..#...#.9.....#
####..#
##......@....#
#..#
#.#....##..##
#..#
#.##..#..#....
#..# #.....#..#
.##. #..#
#..##..##.. .#
#..#
##.#)....... ..
####..#
#.......#... .
......# .#...#.#
.# ####..#


You could see a gargoyle (blind).

Vanquished Creatures
  An ice beast (D:5)
  3 scorpions (D:5)
  A howler monkey (D:6)
  2 hounds
  Crazy Yiuf (D:3)
  A jelly (D:4)
  2 orc priests
  Ijyb (D:4)
  Terence (D:2)
  3 orc wizards
  Natasha (thrice) (D:2)
  2 iguanas
  Robin (D:4)
  6 gnolls
  6 adders
  A shadow imp (D:5)
  2 worms
  A dart slug (D:5)
  14 orcs
  7 endoplasms
  2 giant cockroaches
  16 goblins
  11 hobgoblins
  8 jackals
  6 kobolds
  4 quokkas
  12 ball pythons
  5 bats
  6 frilled lizards
  5 rats
134 creatures vanquished.

Notes
Turn   | Place    | Note
-------+----------+-------------------------------------------
     0 | D:1      | nickcage the Merfolk Gladiator began the quest for the Orb.
     0 | D:1      | Reached XP level 1. HP: 16/16 MP: 1/1
   228 | D:1      | Found a faded altar of an unknown god.
   268 | D:1      | Reached XP level 2. HP: 13/22 MP: 2/2
   451 | D:1      | Reached skill level 5 in Polearms
   545 | D:1      | Reached XP level 3. HP: 7/27 MP: 3/3
  1226 | D:2      | Reached skill level 6 in Polearms
  1227 | D:2      | Got the Teachings on Blows and Bruises and Gusts
  1263 | D:2      | Noticed Natasha
  1273 | D:2      | Killed Natasha
  1274 | D:2      | Reached XP level 4. HP: 31/33 MP: 4/4
  1345 | D:2      | Found a blossoming altar of Fedhas.
  1494 | D:2      | Reached skill level 7 in Polearms
  1652 | D:2      | Noticed Natasha
  1667 | D:2      | Killed Natasha
  1668 | D:2      | Reached XP level 5. HP: 23/38 MP: 5/5
  1886 | D:2      | Noticed Natasha
  1898 | D:2      | Killed Natasha
  1965 | D:2      | Noticed Terence
  1976 | D:2      | Killed Terence
  1977 | D:2      | Reached skill level 8 in Polearms
  2513 | D:3      | Found a sacrificial altar of Ru.
  2519 | D:3      | Reached XP level 6. HP: 44/44 MP: 6/6
  2873 | D:3      | Found an opulent altar of Gozag.
  3091 | D:3      | Found a runed translucent door.
  3092 | D:3      | Noticed Crazy Yiuf
  3104 | D:3      | Killed Crazy Yiuf
  3105 | D:3      | Reached skill level 9 in Polearms
  4156 | D:4      | Noticed Ijyb
  4156 | D:4      | Paralysed by Ijyb for 3 turns
  4165 | D:4      | Paralysed by Ijyb for 4 turns
  4176 | D:4      | Killed Ijyb
  4307 | D:4      | Noticed Robin
  4346 | D:4      | Killed Robin
  4358 | D:4      | Reached XP level 7. HP: 51/51 MP: 7/7
  4400 | D:4      | Reached skill level 10 in Polearms
  4596 | D:5      | Entered Level 5 of the Dungeon
  4981 | D:5      | Reached skill level 11 in Polearms
  5414 | D:5      | Reached XP level 8. HP: 58/58 MP: 8/8
  5813 | D:5      | Found a faded altar of an unknown god.
  5813 | D:5      | Found a blossoming altar of Fedhas.
  5835 | D:5      | Found a glowing golden altar of the Shining One.
  5837 | D:5      | Found a faded altar of an unknown god.
  5838 | D:5      | Found a broken altar of Ashenzari.
  5843 | D:5      | Became a worshipper of the Shining One
  5886 | D:6      | Found a staircase to the Ecumenical Temple.
  5968 | D:6      | Reached skill level 12 in Polearms
  6012 | D:6      | Noticed a gargoyle
  6022 | D:6      | Killed from afar by a gargoyle

Illustrated notes

Levels and vault maps discovered:
D:1:      heliophobic_arrival_ceremonial_halls, layout_rooms,
          dreamdust_ecumenical_altar_hidden_monk_grotto
D:2:      layout_basic, basic_altar, kennysheep_generic_room_11, uniq_natasha,
          uniq_terence
D:3:      layout_basic, nicolae_ru_great_annihilating_truth,
          grunt_gozag_breadcrumbs, minmay_misc_feat_ornament, minmay_ruptured,
          uniq_crazy_yiuf_cottage
D:4:      layout_basic, lemuel_old_faithful, uniq_robin, uniq_ijyb
D:5:      layout_loops_ring, chequers_temple_overflow_minitemple
D:6:      cheibrodos_quashed, layout_loops_ring,
          yredelemnul_forgotten_temple_becter, fiery_altar_vehumet,
          minmay_temple_entry_mini_moons, nicolae_water_bricks, nrook_uturn,
          minmay_shop_damaged, hangedman_decor_clover_reticule

Skill      XL: |  1  2  3  4  5  6  7  8 |
---------------+-------------------------+-----
Polearms       | 5 6 7 8 9 11 12 | 12.0
Fighting       | 3 |  3.9
Throwing       | |  2.0
Dodging        | |  4.0

Action                   |  1- 3 |  4- 6 |  7- 9 || total
-------------------------+-------+-------+-------++-------
Melee: Trident           |   113 |   247 |   176 ||   536
       Punch             |     1 |     4 |     2 ||     7
Throw: Throwing net      |     1 |       |       ||     1
       Dart              |     5 |    10 |     2 ||    17
Evoke: Wand              |       |       |     1 ||     1
  Use: Scroll            |       |     9 |     7 ||    16
 Stab: Sleeping          |     1 |     1 |       ||     2
Armor: Leather armour    |    20 |       |       ||    20
       Ring mail         |     3 |    44 |       ||    47
       Scale mail        |       |     3 |    41 ||    44
Dodge: Dodged            |    73 |    95 |    43 ||   211

Table legend: (Time is in decaauts)
 A = Elapsed time spent in this place.
 B = Non-inter-level travel time spent in this place.
 C = Inter-level travel time spent in this place.
 D = Time resting spent in this place.
 E = Time spent auto-exploring this place.
 F = Levels seen in this place.
 G = Mean time per level.
                   A        B        C        D        E       F      G
               +--------+--------+--------+--------+--------+-----+--------+
         Total |   5950 |   5812 |    138 |    220 |   4599 |   6 |  991.7 |
       Dungeon |   5950 |   5812 |    138 |    220 |   4599 |   6 |  991.7 |
               +--------+--------+--------+--------+--------+-----+--------+

Top non-repeatable levels by time:
     D:5: 1252 daAuts
     D:2: 1217 daAuts
     D:3: 1166 daAuts
     D:1: 1152 daAuts
     D:4: 1026 daAuts
     D:6: 136 daAuts
